 Dungeon Crawl Stone Soup version 0.31-a0-726-g3c93526463 (webtiles) character file.

Game seed: 12438980892565990399

256 Descartes the Ducker (level 5, -1/23 HPs)
             Began as a Felid Shapeshifter on Sept 11, 2023.
             Succumbed to a kobold's poison
             ... on level 3 of the Dungeon.
             The game lasted 00:03:04 (2310 turns).

Descartes the Ducker (Felid Shapeshifter)           Turns: 2310, Time: 00:03:05

Health: -1/23      AC:  1    Str: 12    XL:     5   Next: 92%
Magic:  6/6        EV: 18    Int: 12    God:
Gold:   157        SH:  0    Dex: 15    Spells: 4/4 levels left
                                        Lives:  0   Deaths: 2

rFire   . .          .
                       - Unarmed
rCold   . . .        (shield unavailable)
rNeg    . . .        (body armour unavailable)
rPois   .            (helmet unavailable)
rElec   .            (cloak unavailable)
rCorr   .            (gloves unavailable)
SInv    +            (boots unavailable)
Will    .....        (no amulet)
Stlth   ++           (no ring)
HPRegen 0.23/turn    (no ring)
MPRegen 0.10/turn

%: no passive effects
@: lethally poisoned (-1 -> -14), beast-form, quick
A: beast (slay +2), very small, claws 1, fangs 3, see invisible, speed 1, shaggy
fur 1, stealthy paws, no weapons or thrown items, no armour, multi-lived
a: Begin Untransformation


You were on level 3 of the Dungeon.
You were a hulking beast.
You visited 1 branch of the dungeon, and saw 3 of its levels.

You collected 157 gold pieces.

Inventory:

Jewellery
 h - a +4 ring of protection
Talismans
 b - a beast talisman (active)
 c - a flux talisman
 f - a beast talisman (active)
 m - a maw talisman
Scrolls
 d - a scroll of teleportation {unknown}
 i - a scroll of identify {unknown}
Potions
 a - a potion of lignification
 e - a potion of ambrosia {unknown}
 g - 4 potions of curing {unknown}
 j - a potion of brilliance {unknown}
 k - a potion of berserk rage {unknown}
 l - a potion of mutation {unknown}
 n - 2 potions of degeneration {unknown}
 o - 2 potions of might {unknown}
 p - a potion of attraction {unknown}


   Skills:
 + Level 2.7 Fighting
 + Level 4.3 Dodging
 + Level 3.4 Stealth
 + Level 3.9 Unarmed Combat
 + Level 4.2 Shapeshifting


You had 4 spell levels left.
You didn't know any spells.
Your spell library was empty.

Dungeon Overview and Level Annotations

Branches:
Dungeon (3/15)

Altars:
Okawaru

Annotations:
D:2 Natasha


Innate Abilities, Weirdness & Mutations

You are a hulking beast.
Your limbs bulge with bestial killing power. (Slay +2)
You have sharp claws.
You have razor-sharp teeth.
You have supernaturally acute eyesight. (SInv)
You cover ground quickly. (Speed+)
You are covered in fur. (AC +1)
Your paws help you pounce on unaware monsters.
You are incapable of wielding weapons or throwing items.
You cannot wear armour.
You gain extra lives every three experience levels.


Message History

No target in view!
No target in view!
No target in view!
No target in view!
No target in view!
No target in view!
No target in view!
No target in view!
You now have 157 gold pieces (gained 3).
A kobold comes into view. It is wielding a +2 vampiric whip.
An adder comes into view.
The adder hisses angrily.
You see here a +0 whip.
A quokka comes into view.
Found a stone staircase leading down.
The helpless kobold fails to defend itself.
You claw the kobold!
You kill the kobold!
A kobold and an endoplasm come into view.
The kobold is wielding a +1 dagger of venom.
The kobold shouts!
The endoplasm quivers.
The quokka closely misses you.
The endoplasm moves out of view.
You scratch the quokka.
You kill the quokka!
The kobold hits you with a +1 dagger of venom.
You are poisoned.
The adder bites you.
You are lethally poisoned!
The adder poisons you!
You feel very sick.
You feel very sick. The kobold attacks as it pursues you!
The kobold hits you with a +1 dagger of venom.
You are more poisoned.
* * * LOW HITPOINT WARNING * * *
You feel very sick.
* * * LOW HITPOINT WARNING * * *
You feel very sick.
You die...

.# #...#.# #.# ####.. .#
##....#. #.####..... .#
.....# # # ####........†.
.. ....# #. ..######.##..
.# .....###. #.# #.##..
.##.
.#....#.######.######.##).
.....
......................###.
##### #
.#.##..######.##########.
#..#†##K).h................
#.....S...#####.###########
##.#.###).# #.# #. #..# #.#
#. #..# #.# .. .... #.# #.
...#.. ..# ## ...#... ###
.#####>#


You could see an adder and a kobold.

Vanquished Creatures
  An ogre (D:3)
  Jessica (D:2)
  Natasha (D:2)
  3 adders (D:2)
  3 orcs (D:3)
  7 bats
  7 endoplasms
  15 giant cockroaches
  6 goblins
  9 hobgoblins
  3 jackals (D:3)
  8 kobolds
  A quokka (D:3)
  6 ball pythons
  4 frilled lizards
  14 rats
89 creatures vanquished.

Notes
Turn   | Place    | Note
-------+----------+-------------------------------------------
     0 | D:1      | Descartes the Felid Shapeshifter began the quest for the
                  | Orb.
     0 | D:1      | Reached XP level 1. HP: 9/9 MP: 2/2
   112 | D:1      | Reached skill level 1 in Stealth
   112 | D:1      | Reached XP level 2. HP: 9/12 MP: 3/3
   302 | D:1      | Reached XP level 3. HP: 15/15 MP: 4/4
   850 | D:2      | Noticed Jessica
   859 | D:2      | Killed Jessica
   860 | D:2      | Reached XP level 4. HP: 9/19 MP: 5/5
  1143 | D:2      | Noticed Natasha
  1149 | D:2      | Killed Natasha
  1232 | D:2      | Found a faded altar of an unknown god.
  1379 | D:2      | Noticed Natasha
  1394 | D:2      | Killed from afar by Natasha
  1535 | D:2      | Found an iron altar of Okawaru.
  1757 | D:2      | Found an iron altar of Okawaru.
  1853 | D:2      | Found a faded altar of an unknown god.
  1915 | D:2      | Killed from afar by Natasha
  1934 | D:3      | Reached XP level 5. HP: 22/22 MP: 6/6
  1972 | D:3      | Noticed an ogre
  1985 | D:3      | Killed an ogre
  2310 | D:3      | Succumbed to a kobold's poison

Illustrated notes

Levels and vault maps discovered:
D:1:      dpeg_chamrin_arrival_tetris, layout_basic, hangedman_glass_teeth,
          minmay_pentomino_u4
D:2:      layout_basic, basic_altar, shapermc_ecumenical_altar_gd, uniq_jessica,
          uniq_natasha
D:3:      minmay_roachtagon, layout_loops_ring, uniq_crazy_yiuf_cottage

Skill      XL: |  1  2  3  4  5 |
---------------+----------------+-----
Stealth        | 1 2 3 |  3.4
Dodging        | 3 4 |  4.3
Fighting       | 2 |  2.7
Shapeshifting  | 4 |  4.2
Unarmed Combat | |  3.9

Action                     |  1- 3 |  4- 6 || total
---------------------------+-------+-------++-------
  Melee: Unarmed           |    88 |    95 ||   183
         Bite              |     6 |     9 ||    15
         Punch             |       |     3 ||     3
   Stab: Sleeping          |     6 |     3 ||     9
 Armour: Skin              |    22 |    32 ||    54
  Dodge: Dodged            |    60 |    70 ||   130

Table legend: (Time is in decaauts)
 A = Elapsed time spent in this place.
 B = Non-inter-level travel time spent in this place.
 C = Inter-level travel time spent in this place.
 D = Time resting spent in this place.
 E = Time spent auto-exploring this place.
 F = Levels seen in this place.
 G = Mean time per level.
                   A        B        C        D        E       F      G
               +--------+--------+--------+--------+--------+-----+--------+
         Total |   1942 |   1934 |      8 |      0 |   1518 |   3 |  647.3 |
       Dungeon |   1942 |   1934 |      8 |      0 |   1518 |   3 |  647.3 |
               +--------+--------+--------+--------+--------+-----+--------+

Top non-repeatable levels by time:
     D:2: 990 daAuts
     D:1: 618 daAuts
     D:3: 333 daAuts
